← All builds
Pond / Cortex / Economy first / OBSERVED BUILD

Thug bot assault

Pond opens a Bot Lab by ~3:15 and pushes Thugs into the middle from just after 4 minutes, fighting forward instead of the usual pure economy start.

#raid #push · 12 distinct matches · 9 players · 5% of Cortex Pond games · team won 50% of 12 · Recently observed

THE CATCH, AND WHAT COMES WITH IT
  • ThugT1 bot assault from 4:03 · 4% of role by thenFrom the Bot Lab. Only 4% of Pond games have it by then; others who build it get it around 4:40
  • ThugThug in 75%3% of all Pond games by then
  • Bot LabBot Lab in 50%18% of all Pond games by then
  • GruntGrunt in 42%6% of all Pond games by then

Started with Thug (92%), Mace (8%).

Where those units first fight, in 12 games with kill data: in the middle 83%, on their own side 17%.

Those units destroy a typical 2,363 metal of enemy units by 15:00.

HOW TO PLAY IT

Key timing: Bot Lab by 4:03, first Thug by 4:40

  1. Open tidals, mex, and wind as usual for Pond eco.
  2. Get Bot Lab up early instead of the usual lab timing.
  3. Commit to T1 bot assault led by Thug from lab.
  4. Keep Thug output flowing to middle to support front.
  5. Add Grunt as the push transitions into sustained fighting.

Phase by phase

TYPICAL OF ITS 12 GAMES · AGAINST STANDARD POND
  1. 1
  2. 2
  3. 3
PLAY THE OPENING

Follow the example game's first 6:00 step by step: what to build now, what comes next, and where it goes. At 1× it keeps pace with your own game.

  1. 1

    Up to the Bot Lab

    Economy
    • Metal Extractor4Mex
    • Wind Turbine7Wind+3 vs standard
    • Energy Storage1Energy storage
    Order
    1. Bot LabBot Lab after 4 mex, 7 wind, 1 energy storagedone ~3:15, middle half 2:20–3:50

    Some games also: tidal (50%) · tidal for allies (33%) · Guard (33%)

    The standard build makes here, this one skips: 2 tidal

    By 3:13 in all: 4 mex · 7 wind (standard 4) · 1 energy storage

    The example game in this phase · 15 steps
    1. Tidal ×10for Suicide front
    2. Tidal
    3. Mex ×2
    4. GuardGuard
    5. Wind
    6. Mex ×2
    7. Energy storage ×2
    8. RocketeerRocketeer
    9. MaceMace ×8
    10. TickTick ×16
    11. Con turret
    12. TickTick ×7
    13. Mex
    14. TickTick ×11
    15. Bot LabBot Labnot finished by 15:00 · typical 3:15
  2. 2

    Bot Lab to T1 bot assault

    Economy
    • Wind Turbine2Wind
    Order
    1. ThugT1 bot assault after 4 mex, 9 wind, 1 energy storage
    Builders
    • Construction Bot2 Con bot +2 vs standard

    Some games also: con turret (50%) · Graverobber (33%)

    By 4:01 in all: 4 mex · 9 wind (standard 6) · 1 energy storage

    The example game in this phase · 1 step
    1. MaceMacedone 4:13
  3. 3

    T1 bot assault to 10:00

    Economy
    • Wind Turbine13Wind+5 vs standard
    Army
    • Guard1 Guard
    • Thug14 Thug +14 vs standard
    Other
    • Radar Tower1 Radar Tower

    Some games also: converter (50%) · con bot (50%) · con turret (50%) · Graverobber (42%) · mex (42%)

    The standard build makes here, this one skips: 2 converter

    By 10:00 in all: 5 mex · 26 wind (standard 16) · 2 converter (standard 4) · 1 energy storage · 2 con turret (standard 0)

    The example game in this phase · 10 steps
    1. TickTick ×2
    2. BeamerBeamer
    3. TickTick ×7
    4. Con turret
    5. TickTick
    6. Advanced Metal ExtractorT2 mexdone 10:04 · typical 9:57
    7. Con turret ×2
    8. Radar TowerRadar Tower
    9. GuardGuard ×2
    10. Pit BullPit Bull

Counts are medians over the build's games: half of them build more, half fewer. The example game is NFX_Scurvy's (37 OS, 04/09/2026); pick another.

Team trades

IN AT LEAST 30% OF ITS GAMES

You hand over

  • Tidal Generator7–8 Tidal to Suicide front or Frontfirst at 0:12 · in 33% of games

You get

  • Advanced Construction Bot1 T2 con bot from Tech or Geofirst at 8:27 · in 75% of games

How it plays out

Typical game of this build against the role’s standard build, running totals by minute

  • This build
  • Standard pond

Metal produced

010k20k
0:005:0010:0015:00

metal

Enemy metal destroyed

02k4k6k
0:005:0010:0015:00

metal

Own metal lost

02k4k6k
0:005:0010:0015:00

metal

12 games.

Show as table
ByMetal produced: This buildMetal produced: Standard pondEnemy metal destroyed: This buildEnemy metal destroyed: Standard pondOwn metal lost: This buildOwn metal lost: Standard pond
1:001151150000
2:003902780000
3:0010278160000
4:00170715100000
5:00266222170000
6:003920296234601570
7:00521538266972885120
8:0062524623118210701377189
9:0078705535154915072186591
10:0092596651335521713722899
11:001067882504947269348431360
12:0011991101945305313450531695
13:0013909125745485345450532159
14:0014699146685727382150532820
15:0015358170045748427450593392
WHAT THE NUMBERS SAY

Won less often than the standard build despite producing more metal, and lost far more metal by 15:00.

  • + Produces more metal by 10:00 (8970 vs 6657)
  • + Destroys more enemy metal by 15:00 (6255 vs 4391)
  • − Loses far more metal by 10:00 (2743 vs 941)
  • − Team win rate well below the standard build's 52%
THE EXAMPLE YOU ARE READING

NFX_Scurvy

36.7 OS · 04/09/2026

Open source match ↗

80 received units · includes a constructor
82 metal received · 27212 energy received

Allied construction assistance is unknown. Timings are observations, not a promise of solo reproducibility.

Typical milestones

Bot Lab3:15Middle 50%: 2:20–3:50 · n=11
Advanced Metal Extractor9:57Middle 50%: 8:32–10:16 · n=8

Played most by

Rysica3games of this buildUsurpeR2games of this build[AFUS]Trotski1game of this buildEpicTyrannus1game of this buildkirinokirino1game of this build